Map: Winter's Gate LE

Players

Arben

  • Race: Terran Terran
  • League: Platinum
  • Spawn Location: 11:00

pHARM - Winner!

  • Race: Zerg Zerg
  • League: Platinum
  • Spawn Location: 5:00

VOD

Have the link to the VOD?

Description

Time

  • Played on: Sept. 9, 2019, 4:57 p.m.
  • Length: 18:57
Show
View Real Time Build Order
Export as new Build Order

Arben Terran 

Build Orders:  

Get SALT Encoding   

  12  0:02  SCV  
  13  0:14  SCV  
  13  0:18  Supply Depot  
  14  0:26  SCV  
  15  0:39  SCV  
  15  0:42  Barracks  
  16  0:45  Refinery  
  16  0:51  SCV  
  17  1:03  SCV  
  18  1:16  SCV  
  19  1:29  Supply Depot  
  19  1:30  Marine  
  19  1:32  Orbital Command  
  20  1:49  Marine  
  20  1:52  Factory  
  21  1:57  SCV  
  22  2:09  Command Center  
  22  2:12  Barracks Reactor  
  22  2:20  SCV  
  23  2:32  SCV, Supply Depot  
  23  2:35  Hellion  
  26  2:41  Refinery  
  26  2:45  Armory  
  26  2:59  SCV  
  26  3:04  Hellion  
  26  3:05  Hellion  
  31  3:11  SCV  
  31  3:20  Starport  
  31  3:26  Hellion  
  33  3:28  SCV  
  34  3:34  Orbital Command  
  34  3:38  Hellion  
  34  3:40  Marine  
  37  3:54  Orbital Command  
  37  4:00  Marine, Starport Reactor  
  38  4:04  Hellion x2  
  38  4:07  SCV  
  43  4:10  Bunker  
  43  4:19  SCV  
  43  4:23  Liberator  
  44  4:31  SCV  
  39  4:38  SCV  
  36  4:39  Barracks Tech Lab  
  36  4:43  SCV  
  42  4:46  Barracks x2, Widow Mine x2  
  42  4:50  SCV  
  45  4:58  Viking  
  47  5:01  SCV  
  47  5:02  SCV  
  49  5:13  SCV  
  50  5:22  Widow Mine  
  50  5:23  Widow Mine  
  54  5:33  Hellion  
  54  5:50  Supply Depot  
  54  5:52  Supply Depot  
  54  6:12  Marine x2, Marauder  
  54  6:14  Widow Mine x2  
  62  6:29  Marine  
  64  6:33  Marine  
  64  6:38  Supply Depot  
  65  6:44  Barracks Reactor  
  64  6:48  Barracks Reactor  
  64  6:49  Medivac x2  
  64  6:50  Supply Depot  
  64  6:51  Marine  
  69  6:54  Engineering Bay  
  69  6:55  SCV, Engineering Bay  
  69  7:00  SCV  
  71  7:08  SCV  
  71  7:09  Marine  
  71  7:12  SCV  
  71  7:24  Supply Depot  
  71  7:25  Marine x3  
  71  7:26  Marine x2  
  76  7:30  Stimpack  
  76  7:43  Marine, Command Center, Barracks  
  76  7:44  Marine, Barracks, Refinery  
  77  7:45  Refinery  
  77  7:46  Marine x2  
  80  8:02  Marine  
  81  8:08  Marine x4  
  81  8:12  Supply Depot  
  85  8:16  SCV x2  
  87  8:20  Marauder  
  87  8:25  Marine  
  87  8:26  Marine x2  
  92  8:36  Supply Depot  
  82  9:03  Marine x5  
  82  9:07  Widow Mine x2  
  82  9:08  Barracks Tech Lab  
  91  9:12  Orbital Command  
  91  9:14  SCV x2  
  93  9:18  Factory  
  93  9:20  Marine  
  93  9:21  Marine x4  
  96  9:32  Supply Depot  
  96  9:34  Orbital Command  
  96  9:38  Marine x2  
  96  9:39  Marine x2, Marauder  
  96  9:45  Combat Shield  
  102  9:47  Concussive Shells  
  102  9:49  Marine, Marauder  
  102  9:51  Widow Mine x2  
  109  9:54  Terran Infantry Weapons Level 1  
  109  9:55  Terran Infantry Armor Level 1, Supply Depot  
  109  9:56  Marine x3  
  109  9:57  Marine  
  109  9:58  SCV x2  
  115  10:01  Marauder  
  117  10:07  Marine  
  117  10:09  SCV  
  117  10:10  SCV x2  
  117  10:11  Marauder  
  123  10:14  Marine x4  
  123  10:21  SCV  
  128  10:22  Marauder  
  128  10:24  Marine, Widow Mine  
  128  10:26  SCV x2  
  135  10:31  Supply Depot  
  135  10:32  Marine, Marauder  
  135  10:33  SCV, Medivac  
  141  10:46  Supply Depot  
  141  10:52  Factory Tech Lab, SCV x2  
  141  10:53  Supply Depot, Marauder x2  
  141  10:56  Supply Depot  
  147  10:57  Marine x2  
  147  10:59  Barracks  
  149  11:07  Marine x3  
  139  11:14  Marauder  
  139  11:15  Marauder  
  139  11:16  Marine x2  
  143  11:24  Widow Mine  
  143  11:25  Marine x3, Widow Mine x2  
  152  11:26  Medivac x2  
  152  11:28  Drilling Claws  
  152  11:30  SCV  
  157  11:34  Marine x2  
  157  11:35  Marauder  
  157  11:36  Marauder  
  163  11:43  Marine x2  
  165  11:50  Refinery  
  165  11:54  Supply Depot, Barracks Tech Lab  
  165  11:55  Medivac, Supply Depot  
  165  11:56  Medivac, Starport  
  164  12:01  Refinery  
  124  12:13  Marine x2  
  124  12:14  Marine x4  
  124  12:15  Widow Mine x2  
  136  12:16  Widow Mine  
  136  12:25  Medivac  
  136  12:26  Medivac  
  140  12:30  Marine  
  140  12:31  Marine x2  
  146  12:37  Siege Tank  
  132  13:14  SCV  
  132  13:15  SCV  
  124  13:28  Marine, Marauder x2  
  114  14:18  Marine x3, Marauder x2  
  114  14:19  Marine x2  
  114  14:23  Medivac  
  129  14:24  Widow Mine x2  
  129  14:25  Supply Depot, Medivac  
  129  14:27  Supply Depot  
  129  14:28  Supply Depot  
  129  14:29  SCV x2  
  133  14:34  Widow Mine  
  133  14:36  Marine x3  
  138  14:40  Marauder x2  
  144  14:45  Widow Mine  
  144  15:01  Marauder x2  
  148  15:15  Marine x2  
  148  15:16  Marine  
  151  15:22  Marauder  
  151  15:23  Marauder  
  151  15:27  Marine x2  
  157  15:33  Marine x2, Starport Tech Lab  
  159  15:35  Command Center  
  159  15:36  Command Center  
  159  15:37  Supply Depot  
  159  15:38  Marine, Supply Depot  
  160  15:44  Marauder x2  
  164  15:56  Marine x5  
  169  15:58  Widow Mine x2  
  169  15:59  Medivac, Widow Mine  
  169  16:00  SCV x2  
  179  16:05  Marauder x2  
  179  16:14  Marine x5  
  184  16:20  Widow Mine x2  
  184  16:21  Widow Mine  
  190  16:27  Marauder x2  
  190  16:31  Marine  
  190  16:32  Marine x4  
  197  16:42  Siege Tank  
  192  16:48  Marauder x2  
  192  16:49  Marine x2  
  192  16:50  Marine x3  
  196  17:07  Marine x2  
  194  17:09  Marauder  
  194  17:10  Marauder  
  194  17:12  Widow Mine x2  
  191  17:26  Marine  
  192  17:31  Marauder x2  
  185  17:52  Marauder x2  
  175  18:00  Command Center  
  81  18:14  Marauder x2  
  71  18:20  Marine x4  
  71  18:21  Marine  
  60  18:35  Marauder x2  
  60  18:38  Marine x4  
  60  18:39  Marine  
Show
View Real Time Build Order
Export as new Build Order

pHARM Zerg - Winner!

Build Orders: Hatch First 

Get SALT Encoding   

  12  0:02  Drone  
  13  0:18  Overlord  
  13  0:20  Drone  
  14  0:38  Drone x2  
  16  1:00  Drone, Hatchery  
  16  1:01  Drone  
  16  1:03  Drone  
  18  1:18  Spawning Pool  
  17  1:26  Drone  
  17  1:27  Drone  
  19  1:37  Drone  
  20  1:43  Extractor  
  20  1:46  Drone  
  20  2:00  Overlord  
  20  2:08  Queen  
  22  2:17  Queen  
  22  2:20  Drone x3  
  27  2:33  Drone x2  
  29  2:45  Drone x3  
  29  2:49  Metabolic Boost  
  32  3:00  Spine Crawler  
  31  3:11  Queen  
  33  3:13  Drone x3  
  33  3:15  Overlord  
  33  3:16  Overlord  
  36  3:24  Pneumatized Carapace  
  36  3:34  Drone x8  
  44  3:47  Overlord x2  
  44  3:59  Extractor  
  44  4:00  Extractor  
  42  4:05  Baneling Nest  
  42  4:08  Zergling x8  
  42  4:09  Zergling x6  
  46  4:59  Drone x11  
  57  5:16  Drone x3  
  57  5:18  Lair  
  60  5:37  Hatchery  
  60  5:39  Overlord  
  60  5:40  Overlord x2, Zergling x2  
  60  5:41  Zergling x6  
  63  5:52  Overlord x3  
  63  5:55  Zergling x4  
  65  5:57  Spore Crawler  
  64  6:06  Evolution Chamber  
  64  6:08  Evolution Chamber  
  59  6:24  Spore Crawler  
  55  6:48  Zerg Ground Armor Level 1, Zerg Melee Weapons Level 1  
  54  7:01  Zergling x2  
  54  7:02  Zergling x18  
  64  7:15  Drone x3  
  66  7:18  Baneling  
  66  7:19  Baneling x12  
  66  7:22  Centrifical Hooks  
  66  7:31  Queen x2  
  70  7:45  Extractor  
  70  7:49  Infestation Pit, Hydralisk Den  
  67  7:58  Drone x10  
  77  8:24  Grooved Spines  
  77  8:25  Hydralisk x10  
  97  8:27  Overlord  
  91  8:50  Overseer  
  91  8:52  Overseer x2  
  89  9:15  Overlord x2  
  89  9:17  Queen x2  
  95  9:26  Drone x2  
  95  9:30  Drone, Extractor  
  97  9:32  Overlord x5, Extractor  
  97  9:35  Muscular Augments  
  96  9:39  Zerg Melee Weapons Level 2, Zerg Ground Armor Level 2  
  96  9:44  Hive  
  94  9:46  Neural Parasite  
  94  9:52  Queen  
  96  10:04  Drone x10  
  106  10:17  Zergling x2  
  106  10:18  Zergling x28  
  121  10:22  Spine Crawler  
  121  10:23  Hatchery  
  121  10:27  Spore Crawler, Drone  
  119  10:34  Spine Crawler  
  118  10:43  Baneling x5  
  118  10:44  Baneling x16  
  118  10:45  Zergling x24  
  115  11:19  Drone x2  
  115  11:21  Drone x4  
  115  11:22  Drone x2  
  123  11:48  Drone x16  
  106  12:27  Ultralisk Cavern  
  106  12:29  Overseer  
  105  12:31  Zergling x2  
  105  12:32  Zergling x36  
  105  12:36  Zerg Ground Armor Level 3, Zerg Melee Weapons Level 3  
  124  12:47  Extractor  
  123  12:52  Extractor  
  122  13:03  Zergling x2  
  122  13:04  Zergling x30  
  129  13:32  Drone x2  
  129  13:33  Drone x3  
  134  13:35  Drone  
  134  13:36  Drone  
  134  13:38  Overlord x4  
  131  14:04  Baneling  
  131  14:05  Baneling x21  
  131  14:06  Baneling x8  
  131  14:15  Zergling x2  
  131  14:16  Zergling x34  
  149  14:24  Chitinous Plating  
  149  14:28  Hydralisk Den  
  148  14:55  Ultralisk x3  
  148  14:56  Overlord x12  
  148  14:57  Hatchery  
  165  15:15  Hydralisk  
  165  15:16  Hydralisk x7  
  175  16:40  Adrenal Glands, Extractor  
  175  16:41  Anabolic Synthesis  
  165  17:06  Ultralisk x5  
  165  17:07  Zergling x10  
  199  17:34  Overseer x2  
  199  17:35  Overseer  
  154  18:14  Ultralisk  
  154  18:15  Zergling x2, Ultralisk x6  
  154  18:16  Zergling x6  
  194  18:25  Zergling x16  
  200  18:36  Spire  
Tags
 
Matchup
TvZ
Replay Pack
10.7.19
Spawn Locations
Cross Positions
Add a new tag
Caveats
  • Supply blocks, unpowered buildings, or Contaminate may cause inaccurate times.
  • Supply counts are checked every 10 seconds.